 Dungeon Crawl Stone Soup version 0.31-a0-237-g2d982f9f85 (webtiles) character file.

Game seed: 3352640915070750373

147 qw the Shooter (level 5, -1/42 HPs)
             Began as a Minotaur Hexslinger on July 10, 2023.
             Slain by a water moccasin (5 damage)
             ... on level 3 of the Dungeon.
             The game lasted 00:00:57 (2485 turns).

qw the Shooter (Minotaur Hexslinger)                Turns: 2485, Time: 00:00:57

Health: -1/42      AC:  5    Str: 12    XL:     5   Next: 7%
Magic:  5/5        EV: 11    Int: 10    God:
Gold:   109        SH:  0    Dex: 15    Spells: 5/6 levels left

rFire   . . .        Y - +1 sling
rCold   . . .        (no shield)
rNeg    . . .        f - +0 ring mail
rPois   .            (helmet restricted)
rElec   .            (no cloak)
rCorr   +            (no gloves)
SInv    .            (no boots)
Will    .....        (no amulet)
Stlth   +            i - ring of resist corrosion
HPRegen 0.27/turn    (no ring)
MPRegen 0.09/turn

%: no passive effects
@: lethally poisoned (-1 -> -20)
A: horns 2, retaliatory headbutt
a: no special abilities


You were on level 3 of the Dungeon.
You visited 1 branch of the dungeon, and saw 3 of its levels.

You collected 109 gold pieces.


Innate Abilities, Weirdness & Mutations

You have a pair of horns on your head.
You reflexively headbutt those who attack you in melee.


   Skills:
 + Level 2.5 Fighting
 - Level 5.1 Ranged Weapons
 - Level 1.5 Armour
 - Level 2.1 Dodging
 - Level 1.0 Spellcasting
 - Level 2.0 Hexes


You had 5 spell levels left.
You knew the following spells:

 Your Spells              Type           Power      Damage    Failure   Level
a - Slow                  Hex            16%        N/A       32%         1

Your spell library contained the following spells:

 Spells                   Type           Power      Damage    Failure   Level
 Inner Flame              Hex/Fire       2%         N/A       83%         3
 Portal Projectile        Hex/Tloc       4%         N/A       83%         3
 Cause Fear               Hex            2%         N/A       97%         4

Inventory:

Hand Weapons
 Y - a +1 sling (weapon)
Armour
 f - a +0 ring mail (worn)
Jewellery
 i - a ring of resist corrosion (left hand)
Scrolls
 b - a scroll of amnesia {unknown}
 g - a scroll of immolation {unknown}
Potions
 a - a potion of enlightenment {unknown}
 c - a potion of attraction {unknown}
 d - a potion of ambrosia {unknown}
 e - 2 potions of haste {unknown}
 h - a potion of degeneration {unknown}

Dungeon Overview and Level Annotations

Branches:
Dungeon (3/15)

Altars:


Message History

The water moccasin closely misses you. The water moccasin bites you!
You shoot a sling bullet.
The sling bullet hits the water moccasin!
The water moccasin is moderately wounded.
The water moccasin bites you but does no damage.
The water moccasin barely misses you.
You shoot a sling bullet.
The sling bullet hits the water moccasin.
The water moccasin is heavily wounded.
The water moccasin bites you. x2
You shoot a sling bullet.
The sling bullet hits the water moccasin.
The water moccasin is heavily wounded.
The water moccasin bites you but does no damage.
You shoot a sling bullet.
The sling bullet closely misses the water moccasin.
The water moccasin bites you.
The water moccasin bites you but does no damage.
You shoot a sling bullet.
The sling bullet closely misses the water moccasin.
The water moccasin barely misses you.
The water moccasin bites you but does no damage.
You shoot a sling bullet.
The sling bullet hits the water moccasin but does no damage.
The water moccasin is heavily wounded.
The water moccasin bites you.
You are poisoned.
The water moccasin poisons you! The water moccasin closely misses you.
You shoot a sling bullet.
The sling bullet misses the water moccasin.
You feel very sick. The water moccasin bites you. The water moccasin bites you!
You are lethally poisoned!
The water moccasin poisons you!
You shoot a sling bullet.
The sling bullet hits the water moccasin.
The water moccasin is heavily wounded.
You feel extremely sick. The water moccasin bites you.
You die...

#### # ....#
#>########### ....#
#....#......# .....#
####.##.#......##.....#
#...............S.....#
#...........##.@......#
#[......###.........(##
#.......# ####.........
#.......# #.......## ..
#.......# #.$.....# #..
#.......# #.......# #..
####%#### ######### ..
#####.# ######.
...##.######### #......


You could see a water moccasin.

Vanquished Creatures
  Jessica (D:3)
  Robin (D:3)
  A gnoll (D:2)
  An adder (D:2)
  2 worms
  A dart slug (D:2)
  3 orcs (D:3)
  5 ball pythons
  5 bats
  7 endoplasms
  3 giant cockroaches
  15 goblins
  9 hobgoblins
  A jackal (D:2)
  4 quokkas
  4 frilled lizards
  4 kobolds
  7 rats
74 creatures vanquished.

Notes
Turn   | Place    | Note
-------+----------+-------------------------------------------
     0 | D:1      | qw the Minotaur Hexslinger began the quest for the Orb.
     0 | D:1      | Reached XP level 1. HP: 16/16 MP: 1/1
     0 | D:1      | 0 ||| qw: Version: 0.3-a-52-g30416fa
     0 | D:1      | 0 ||| qw: Game counter: 5213
     0 | D:1      | 0 ||| qw: Melee chars always use a shield: true
     0 | D:1      | 0 ||| qw: God list: Okawaru
     0 | D:1      | 0 ||| qw: Allow faded altars: false
     0 | D:1      | 0 ||| qw: Do Orc after clearing Dungeon:15 true
     0 | D:1      | 0 ||| qw: Do second Lair branch before Depths: true
     0 | D:1      | 0 ||| qw: Lair rune preference: random
     0 | D:1      | 0 ||| qw: Goals: Normal
     0 | D:1      | 0 ||| PLANNING D:1-11
   221 | D:1      | Reached skill level 3 in Ranged Weapons
   221 | D:1      | Reached XP level 2. HP: 23/23 MP: 2/2
   450 | D:1      | Found a faded altar of an unknown god.
   703 | D:1      | 703 ||| UPGRADING to +0 leather armour.
   713 | D:1      | 713 ||| DROPPING +0 robe.
   714 | D:1      | 714 ||| UPGRADING to +0 ring mail.
   724 | D:1      | 724 ||| DROPPING +0 leather armour.
   725 | D:1      | 725 ||| READING scroll labelled QUIWUCL FOYDA.
   726 | D:1      | 726 ||| DROPPING scroll of poison.
   810 | D:2      | Reached XP level 3. HP: 29/29 MP: 3/3
   944 | D:2      | 944 ||| Stepping ~*~*~tactically~*~*~ (outnumbered).
   970 | D:2      | Reached skill level 4 in Ranged Weapons
  1030 | D:2      | 1030 ||| READING scroll labelled SEKOYPRORGH.
  1031 | D:2      | 1031 ||| READING scroll labelled VOYLYI SYLYOX.
  1206 | D:2      | Reached skill level 1 in Armour
  1206 | D:2      | 1206 ||| FLEEEEING.
  1304 | D:2      | Reached XP level 4. HP: 25/36 MP: 4/4
  1847 | D:2      | 1847 ||| UPGRADING to ring of resist corrosion.
  1848 | D:2      | 1848 ||| READING scroll labelled PUASUO WIUJIESH.
  1852 | D:2      | 1852 ||| READING scroll labelled CUIW ACHAIHISM.
  1953 | D:2      | 1953 ||| READING scroll labelled ESTROPL XIXE.
  1954 | D:2      | 1954 ||| DRINKING 2 dark potions.
  1988 | D:3      | Noticed Robin
  2001 | D:3      | HP: 9/36 [hobgoblin[Robin] (1)]
  2002 | D:3      | 2002 ||| DRINKING potion of heal wounds.
  2007 | D:3      | Killed Robin
  2008 | D:3      | HP: 6/36 [hobgoblin[Robin] (5)]
  2148 | D:3      | Noticed Jessica
  2155 | D:3      | Killed Jessica
  2156 | D:3      | Reached skill level 5 in Ranged Weapons
  2291 | D:3      | Reached XP level 5. HP: 41/41 MP: 5/5
  2474 | D:3      | Noticed a water moccasin
  2485 | D:3      | HP: 4/42 [poisoned by a water moccasin]
  2485 | D:3      | Slain by a water moccasin

Levels and vault maps discovered:
D:1:      giann_bridges, layout_basic, shapermc_ecumenical_altar_acropolis
D:2:      minmay_razor_zed, layout_loops_corners, serial_glass, glass_columns_b,
          glass_columns_c, glass_columns_b, glass_columns_a, glass_columns_a,
          glass_columns_a, glass_columns_b, glass_columns_b
D:3:      layout_basic, uniq_robin, uniq_jessica

Skill      XL: |  1  2  3  4 |
---------------+-------------+-----
Ranged Weapons | 3 4 5 |  5.1
Fighting       | 2 |  2.5
Armour         | 1 |  1.5
Dodging        | |  2.1
Spellcasting   | |  1.0
Hexes          | |  2.0

Action                     |  1- 3 |  4- 6 || total
---------------------------+-------+-------++-------
   Fire: Sling             |   132 |    85 ||   217
    Use: Scroll            |     3 |     3 ||     6
         Potion            |       |     2 ||     2
 Armour: Robe              |     6 |       ||     6
         Ring mail         |    11 |    29 ||    40
  Dodge: Dodged            |    31 |    49 ||    80

Table legend:
 A = Non-vault XP
 B = Vault XP
 C = Vault XP percentage of total XP
 D = Non-vault monster count
 E = Vault monster count
 F = Vault count percentage of total count
                 A         B        C        D         E       F
            +---------+---------+-------+---------+---------+-------
      Total |      92 |     118 |  56.2 |      45 |      29 |  39.2
            +---------+---------+-------+---------+---------+-------
        D:1 |      38 |       0 |   0.0 |      23 |       0 |   0.0
        D:2 |      26 |      43 |  62.3 |      10 |      15 |  60.0
        D:3 |      28 |      75 |  72.8 |      12 |      14 |  53.8
            +---------+---------+-------+---------+---------+-------
